Map: Cerulean Fall LE

Players

VeryeasyAI - Winner!

  • Race: Zerg Zerg
  • League: Diamond
  • Spawn Location: 7:00

Omedon

  • Race: Terran Terran
  • League: Diamond
  • Spawn Location: 1:00

VOD

Have the link to the VOD?

Description

BC harass

Time

  • Played on: Dec. 14, 2018, 8:13 p.m.
  • Length: 12:08
Show
View Real Time Build Order
Export as new Build Order

VeryeasyAI Zerg - Winner!

Build Orders: Hatch First 

Get SALT Encoding   

  12  0:01  Drone  
  13  0:12  Overlord  
  13  0:17  Drone  
  14  0:31  Drone x2  
  14  0:34  Drone  
  17  0:54  Hatchery  
  16  0:57  Drone  
  16  1:00  Drone  
  18  1:06  Drone  
  19  1:15  Extractor  
  18  1:20  Spawning Pool  
  18  1:23  Drone  
  18  1:28  Drone  
  19  1:39  Drone  
  20  1:49  Overlord  
  20  2:07  Queen x2  
  24  2:10  Zergling x4  
  24  2:15  Drone  
  27  2:16  Metabolic Boost  
  27  2:18  Drone  
  28  2:23  Drone  
  28  2:27  Drone  
  30  2:43  Drone x3  
  32  2:56  Drone  
  32  2:57  Drone  
  34  3:01  Drone  
  35  3:08  Overlord  
  35  3:16  Roach Warren  
  35  3:19  Evolution Chamber  
  33  3:22  Queen  
  33  3:24  Overlord  
  33  3:26  Queen  
  37  3:32  Drone x3  
  40  3:36  Drone x3  
  43  3:41  Spine Crawler  
  43  3:47  Overlord, Drone  
  43  3:54  Overlord  
  44  3:55  Drone x2  
  44  3:56  Drone  
  44  3:59  Drone  
  44  4:00  Extractor, Drone  
  47  4:15  Drone x2  
  49  4:22  Extractor  
  49  4:23  Drone x2  
  49  4:24  Drone  
  51  4:25  Drone x2  
  53  4:32  Overlord  
  53  4:37  Lair  
  53  4:41  Baneling Nest  
  53  4:45  Spore Crawler  
  51  4:48  Spore Crawler, Drone x2  
  52  4:53  Extractor  
  52  4:58  Overlord  
  51  5:01  Overlord  
  51  5:09  Hatchery  
  50  5:16  Drone x2  
  50  5:17  Drone x2  
  54  5:25  Spine Crawler  
  53  5:30  Drone x4  
  53  5:31  Drone x2  
  59  5:48  Spire  
  58  5:52  Overlord x2  
  58  6:06  Overlord x2  
  58  6:10  Glial Reconstitution  
  58  6:12  Zerg Missile Weapons Level 1  
  58  6:22  Drone  
  59  6:32  Extractor  
  54  6:56  Queen  
  54  6:57  Queen  
  56  7:02  Overlord x4, Corruptor x2  
  56  7:19  Drone x3  
  59  7:24  Spore Crawler  
  59  7:25  Roach  
  59  7:26  Roach x6  
  72  7:33  Extractor  
  71  7:39  Overlord  
  69  7:52  Corruptor  
  69  7:53  Corruptor  
  73  8:02  Drone x6  
  79  8:06  Mutalisk, Zerg Ground Armor Level 1  
  79  8:08  Queen  
  79  8:10  Queen  
  85  8:16  Roach x3  
  91  8:29  Roach x3  
  97  8:39  Overseer  
  97  8:45  Roach x6  
  107  8:59  Roach x7  
  109  9:10  Roach x4  
  109  9:11  Roach x4  
  109  9:17  Roach x3  
  99  9:47  Roach x5  
  99  9:48  Roach x5  
  119  9:53  Queen x2  
  119  9:55  Queen  
  113  10:11  Roach x3  
  113  10:12  Roach x4  
  127  10:21  Drone x2  
  129  10:22  Evolution Chamber  
  128  10:29  Queen  
  128  10:32  Roach x5  
  134  10:40  Overlord x2  
  134  10:44  Drone x3  
  137  10:52  Hatchery  
  137  10:56  Overlord, Corruptor x4  
  130  11:32  Mutalisk  
  126  11:33  Mutalisk x9  
  126  11:39  Corruptor  
Show
View Real Time Build Order
Export as new Build Order

Omedon Terran 

Build Orders: Gas First Reaper Expand 

Get SALT Encoding   

  12  0:01  SCV  
  13  0:13  SCV  
  14  0:17  Supply Depot  
  14  0:25  SCV  
  15  0:35  Refinery  
  15  0:39  SCV  
  16  0:46  Barracks  
  16  0:51  SCV  
  17  1:03  SCV  
  18  1:15  SCV  
  19  1:32  Orbital Command  
  19  1:33  Reaper  
  20  1:46  Command Center  
  20  1:58  Supply Depot  
  20  2:00  SCV  
  21  2:08  Barracks Reactor  
  21  2:15  Factory  
  21  2:17  Refinery, SCV  
  22  2:29  SCV  
  23  2:52  Marine  
  23  2:53  Marine  
  25  3:00  Factory Tech Lab  
  25  3:02  SCV  
  25  3:03  Starport, Orbital Command  
  26  3:07  Bunker  
  26  3:16  Marine x2  
  26  3:18  SCV  
  29  3:30  Siege Tank  
  29  3:32  SCV x2  
  34  3:38  Supply Depot  
  34  3:44  SCV  
  34  3:45  Supply Depot, SCV  
  36  3:52  Supply Depot  
  36  3:56  Refinery  
  36  3:59  Marine x2  
  36  4:01  Starport Tech Lab  
  36  4:02  Supply Depot  
  38  4:15  SCV x2  
  38  4:16  Fusion Core  
  40  4:17  Marine x2  
  40  4:19  Supply Depot  
  42  4:27  SCV  
  42  4:28  SCV  
  44  4:34  Refinery  
  46  4:39  SCV  
  46  4:40  SCV  
  46  4:41  Marine, Siege Tank  
  46  4:42  Marine  
  46  4:45  Barracks  
  51  4:51  SCV  
  53  4:52  SCV  
  53  4:58  Supply Depot  
  53  5:00  Engineering Bay  
  53  5:03  SCV  
  54  5:13  Battlecruiser  
  60  5:43  Marine x2  
  60  5:44  Barracks Tech Lab  
  60  5:47  SCV x2  
  64  5:51  Supply Depot  
  64  5:53  Engineering Bay  
  64  6:02  Weapon Refit  
  64  6:08  Armory  
  64  6:11  SCV x2  
  66  6:13  Missile Turret  
  66  6:17  Battlecruiser  
  72  6:36  Marine x3  
  72  6:38  Siege Tank  
  78  6:40  Stimpack  
  78  6:54  Marine x3  
  81  7:12  Marine  
  81  7:13  Marine x2  
  84  7:21  Missile Turret  
  84  7:23  Missile Turret, SCV  
  84  7:29  Marine  
  85  7:30  Missile Turret, Marine  
  85  7:31  Missile Turret, Marine  
  85  7:32  Command Center  
  88  7:47  Marine  
  88  7:48  Marine x2  
  85  8:05  Marine  
  79  8:06  Marine x2  
  82  8:14  Siege Tank  
  82  8:15  Battlecruiser  
  82  8:16  SCV  
  92  8:22  Terran Vehicle And Ship Armor Level 1  
  92  8:23  Marine  
  92  8:24  Marine x2  
  95  8:32  Starport  
  95  8:33  Barracks  
  95  8:41  Combat Shield, Marine  
  90  9:11  Marine x2  
  90  9:12  Marine  
  90  9:13  Siege Tank  
  90  9:29  Marine x3  
  76  9:35  Battlecruiser  
  65  9:46  Widow Mine  
  65  9:47  Marine x3  
  65  9:51  Command Center  
  67  9:54  Starport Reactor  
  67  10:05  Marine x3  
  70  10:13  Barracks Reactor  
  70  10:23  Marine x3  
  71  10:35  Siege Tank  
  71  10:40  Marine x2  
  71  10:41  Marine  
  77  10:44  Medivac  
  77  10:45  Medivac  
  81  10:52  Engineering Bay  
  81  10:53  Supply Depot x2  
  81  10:58  Marine x3  
  84  11:16  Marine x2  
  68  11:27  Marine x3  
  71  11:34  Marine x2  
  73  11:45  Marine x3  
Tags
 
Add a new tag
Caveats
  • Supply blocks, unpowered buildings, or Contaminate may cause inaccurate times.
  • Supply counts are checked every 10 seconds.